 Dungeon Crawl Stone Soup version 0.29-a0-323-g050149af67 (webtiles) character file.

Game seed: 16550388113804392758

485 spaghetti the Magician (level 7, -8/46 HPs)
             Began as an Octopode Conjurer on Apr 12, 2022.
             Was a Believer of Sif Muna.
             Shot with an arrow by a centaur (9 damage)
             ... on level 4 of the Dungeon.
             The game lasted 00:06:17 (4031 turns).

spaghetti the Magician (Octopode Conjurer)          Turns: 4031, Time: 00:06:17

Health: -8/46      AC:  1    Str:  3 (6)  XL:     7   Next: 13%
Magic:  16/16      EV: 13    Int: 20 (23) God:    Sif Muna [**....]
Gold:   168        SH:  0    Dex:  9 (10) Spells: 15/18 levels left

rFire   . . .      SeeInvis .   k - +5 hand axe {axe}
rCold   . . .      Faith    .   (no shield)
rNeg    . . .      Spirit   .   (helmet restricted)
rPois   .          Reflect  .   j - amulet of magic regeneration {@e2}
rElec   .          Harm     .   (no ring)
rCorr   .          Rampage  .   (no ring)
Will    .....                   (no ring)
Stlth   +++.......              (no ring)
HPRegen 0.15/turn               (no ring)
MPRegen 0.55/turn               (no ring)
                                (no ring)
                                (no ring)

@: no status effects
A: almost no armour, amphibious, 8 rings, camouflage 1, gelatinous body 1,
(nimble swimmer 1), tentacles
a: Renounce Religion, Channel Magic


You were on level 4 of the Dungeon.
You worshipped Sif Muna.
Sif Muna was pleased with you.
You visited 1 branch of the dungeon, and saw 4 of its levels.

You collected 168 gold pieces.


Innate Abilities, Weirdness & Mutations

You cannot wear most types of armour.
You are amphibious.
You can wear up to eight rings at the same time.
Your skin changes colour to match your surroundings (Stealth+).
Your rubbery body absorbs attacks. (AC +1, EV +1)
((You are camouflaged when in or above water. (Stealth+)))
You have tentacles for arms and can constrict up to eight enemies at once.


   Skills:
 + Level 3.5 Fighting
 - Level 2.0 Dodging
 - Level 2.6 Stealth
 - Level 6.0 Spellcasting
 - Level 4.0 Conjurations


You had 15 spell levels left.
You knew the following spells:

 Your Spells              Type           Power      Damage    Failure   Level
a - Magic Dart            Conj           88%        1d7       1%          1
b - Searing Ray           Conj           44%        2d6       3%          2

Your spell library contained the following spells:

 Spells                   Type           Power      Damage    Failure   Level
 Dazzling Flash           Conj/Hex       28%        N/A       14%         3
 Sublimation of Blood     Necr           6%         N/A       16%         2
 Wereblood                Tmut           6%         N/A       16%         2
 Fulminant Prism          Conj/Hex       7%         3d7       41%         4
 Iskenderun's Mystic Bla  Conj/Tloc      14%        2d5       41%         4
 Summon Hydra             Summ           3%         N/A       100%        7

Inventory:

Hand Weapons
 h - a +0 whip {mace}
   (You took it off a gnoll on level 2 of the Dungeon)
 k - a +5 hand axe (weapon) {axe}
   (You took it off an orc on level 3 of the Dungeon)
Missiles
 a - 6 poisoned darts {throwing}
 f - 91 stones {throwing}
 l - a boomerang {throwing}
Jewellery
 j - an amulet of magic regeneration (around mantle) {@e2}
   (You found it on level 3 of the Dungeon)
Scrolls
 c - 2 scrolls of teleportation {@r4}
 e - a scroll of identify {@r1}
 g - a scroll of enchant weapon
 m - a scroll of enchant armour {unknown}
 p - a scroll of magic mapping {unknown}
Potions
 d - 2 potions of curing {unknown}
 i - 2 potions of flight {unknown}
 n - a potion of ambrosia {unknown}
 o - 2 potions of lignification {unknown}

Dungeon Overview and Level Annotations

Branches:
Dungeon (4/15)
 Temple: D:4-7

Altars:
Cheibriados
Gozag
Sif Muna
Trog

Annotations:
D:4 1 transporter

## #.............#
#.............#
#.............# #
#............# ##
#...........# .##
#.......>.# #.###
###.......#
##..#############...c..#
##..##.........@####.##
###......######### .#
#.....#### # #......##
........## .........##
..........# ..........##
...........#


You could see a centaur.


Message History

Things that are here:
a +0 club {mace}; a goblin corpse; 😎 HP[+8]
Your hp is fully restored (46).
p - a scroll labelled CAICVUINYO
o - 2 yellow potions (gained 1) Key pressed, stopping explore.
A hobgoblin comes into view.
A hobgoblin is nearby!
A hobgoblin is nearby!
A hobgoblin is nearby!
A hobgoblin is nearby!
The magic dart hits the hobgoblin.
The hobgoblin shouts! 😎 MP[-1]
You lost 1 mp, and now have 15/16 mp.
The magic dart hits the hobgoblin.
You kill the hobgoblin!
Sif Muna accepts your kill.
A ball python comes into view.
The magic dart hits the ball python.
You kill the ball python!
Sif Muna accepts your kill.
You can't see any susceptible monsters within range! (Use Z to cast anyway.)
You can't see any susceptible monsters within range! (Use Z to cast anyway.)
You start resting. 😎 MP[+1]
Your mp is fully restored (16).
You now have 158 gold pieces (gained 15).
You now have 168 gold pieces (gained 10).
Key pressed, stopping explore.
Key pressed, stopping explore.
You see here a +0 club {mace}.
Key pressed, stopping explore.
Found a stone staircase leading down.
Key pressed, stopping explore.
An adder comes into view.
An adder is nearby!
The magic dart hits the adder.
The adder hisses angrily. 😎 MP[-1]
You lost 1 mp, and now have 15/16 mp.
Unknown command.
An adder is nearby!
The magic dart hits the adder.
The magic dart hits the adder. 😎 MP[-1]
You lost 1 mp, and now have 14/16 mp.
The magic dart hits the adder.
The magic dart hits the adder!
You kill the adder!
Sif Muna accepts your kill. 😎 MP[-1]
You lost 1 mp, and now have 13/16 mp.
You can't see any susceptible monsters within range! (Use Z to cast anyway.) Key pressed, stopping explore.
A centaur comes into view.
The centaur shouts!
The centaur wields a +0 shortbow.
The centaur shoots an arrow.
The arrow hits you!
A centaur is nearby! 😕 HP[-8] MP[+3]
You take 8 damage, and now have 38/46 hp.
Your mp is fully restored (16).
A centaur is nearby!
A centaur is nearby!
You are too injured to fight recklessly!
You are too injured to fight recklessly!
Unknown command.
The centaur shoots an arrow.
The arrow hits you! 😮 HP[-11]
You take 11 damage, and now have 27/46 hp.
MASSIVE DAMAGE!! (PAUSE)
The centaur shoots an arrow.
The arrow hits you!
* * * LOW HITPOINT WARNING * * *
😨 HP[-10]
You take 10 damage, and now have 17/46 hp.
MASSIVE DAMAGE!! (PAUSE) Unknown command.
It was a potion of degeneration.
There was something very wrong with that liquid.
You feel weakened.
You feel dopey.
You feel clumsy.
The centaur shoots an arrow.
The arrow completely misses you.
The centaur shoots an arrow.
The arrow hits you.
* * * LOW HITPOINT WARNING * * *
😨 HP[-5]
You take 5 damage, and now have 12/46 hp.
Unknown command.
As you read the scroll labelled WUANGU WAJ JAC, it crumbles to dust.
It is a scroll of identify.
c - 2 scrolls of teleportation The centaur shoots an arrow.
The arrow completely misses you. 😨 HP[+1] Unknown command.
As you read the scroll labelled ALAFAZ FICZAPA, it crumbles to dust.
It is a scroll of enchant weapon.
Your +4 hand axe {axe} glows red for a moment.
The centaur shoots an arrow.
The arrow hits you!
* * * LOW HITPOINT WARNING * * *
The centaur shoots an arrow.
The arrow hits you!
You die...

Skill      XL: |  1  2  3  4  5  6 |
---------------+-------------------+-----
Spellcasting   | 3 4 5 6 |  6.0
Fighting       | 3 |  3.5
Dodging        | |  2.0
Stealth        | |  2.6
Conjurations   | |  4.0

Action                   |  1- 3 |  4- 6 |  7- 9 || total
-------------------------+-------+-------+-------++-------
Melee: Unarmed           |     9 |       |       ||     9
       Tentacles         |     1 |     1 |       ||     2
       Constrict         |     1 |       |       ||     1
       Whip              |       |     1 |       ||     1
 Cast: Magic Dart        |    53 |   121 |     8 ||   182
       Searing Ray       |       |     8 |     2 ||    10
  Use: Potion            |     1 |       |     1 ||     2
       Scroll            |       |       |     2 ||     2
Armor: Skin              |       |     2 |       ||     2
Dodge: Dodged            |     9 |     7 |     5 ||    21

Levels and vault maps discovered:
D:1:      doesnt_arrival_eight_statues, layout_basic,
          dreamdust_ecumenical_altar_statues
D:2:      layout_loops_ring, minivault_24
D:3:      layout_loops_ring, nicolae_overflow_ecumenical_swirl,
          chequers_serial_rivers_small_a
D:4:      gammafunk_cloud_chamber, layout_cave_pods, kennysheep_little_box,
          general_overflow_altar

Notes
Turn   | Place    | Note
-------+----------+-------------------------------------------
     0 | D:1      | spaghetti the Octopode Conjurer began the quest for the
                  | Orb.
     0 | D:1      | Reached XP level 1. HP: 11/11 MP: 3/3
     0 | D:1      | magus.rc [v1.9.6]
   403 | D:1      | Reached XP level 2. HP: 17/17 MP: 0/5
   510 | D:1      | Learned a level 2 spell: Searing Ray
   653 | D:1      | You pick up a book of Blood and begin reading...
   653 | D:1      | You add the spells Sublimation of Blood, Wereblood and
                  | Summon Hydra to your library.
   810 | D:1      | You fall into a shaft and drop 1 floor!
   821 | D:2      | Reached skill level 3 in Spellcasting
   862 | D:2      | Reached XP level 3. HP: 21/21 MP: 0/7
   960 | D:2      | Reached XP level 4. HP: 17/27 MP: 1/9
  1093 | D:2      | Reached skill level 4 in Spellcasting
  2063 | D:3      | Found a faded altar of an unknown god.
  2069 | D:3      | Found an opulent altar of Gozag.
  2074 | D:3      | Prayed at the altar of an unknown god.
  2074 | D:3      | Became a worshipper of Sif Muna the Loreminder
  2074 | D:3      | Reached * piety under Sif Muna
  2449 | D:3      | Reached XP level 5. HP: 31/31 MP: 9/12
  2821 | D:4      | Reached skill level 5 in Spellcasting
  2957 | D:4      | Reached XP level 6. HP: 19/36 MP: 7/14
  3122 | D:4      | Reached skill level 6 in Spellcasting
  3245 | D:4      | Reached skill level 1 in Fighting
  3294 | D:4      | Found a snail-covered altar of Cheibriados.
  3302 | D:4      | Reached ** piety under Sif Muna
  3531 | D:4      | Found a transporter.
  3559 | D:4      | Found a bloodstained altar of Trog.
  3591 | D:4      | Reached skill level 2 in Fighting
  3764 | D:4      | Reached skill level 3 in Fighting
  3764 | D:4      | Reached XP level 7. HP: 46/46 MP: 12/16
  4031 | D:4      | HP: 1/46 [centaur/arrow (12)]
  4031 | D:4      | Shot with an arrow by a centaur

Vanquished Creatures
  2 necrophages (D:4)
  A hound (D:4)
  An orc priest (D:4)
  3 iguanas (D:4)
  2 orc wizards (D:4)
  3 gnolls (D:2)
  6 adders
  2 worms (D:2)
  3 dart slugs
  10 orcs
  4 endoplasms
  A giant cockroach (D:3)
  4 goblins
  9 hobgoblins
  4 quokkas
  6 ball pythons
  9 bats
  2 frilled lizards
  4 kobolds
  2 rats
78 creatures vanquished.

Table legend:
 A = Non-vault XP
 B = Vault XP
 C = Vault XP percentage of total XP
 D = Non-vault monster count
 E = Vault monster count
 F = Vault count percentage of total count
                 A         B        C        D         E       F
            +---------+---------+-------+---------+---------+-------
      Total |     694 |       0 |   0.0 |      78 |       0 |   0.0
            +---------+---------+-------+---------+---------+-------
        D:1 |      23 |       0 |   0.0 |      12 |       0 |   0.0
        D:2 |     118 |       0 |   0.0 |      21 |       0 |   0.0
        D:3 |      52 |       0 |   0.0 |      22 |       0 |   0.0
        D:4 |     501 |       0 |   0.0 |      23 |       0 |   0.0
            +---------+---------+-------+---------+---------+-------

Illustrated notes

Table legend:
 A = Kills in this place as a percentage of kills in entire the game.
 B = Kills by you in this place as a percentage of kills by you in the entire game.
 C = Kills by friends in this place as a percentage of kills by friends in the entire game.
 D = Other kills in this place as a percentage of other kills in the entire game.
 E = Experience gained in this place as a percentage of experience gained in the entire game.
 F = Experience gained in this place divided by the number of levels of this place that you have seen.
                   A       B       C       D       E      F
               +-------+-------+-------+-------+-------+----------------------
         Total | 100.0 | 100.0 |   N/A |   N/A | 100.0 | 173.5
       Dungeon | 100.0 | 100.0 |   N/A |   N/A | 100.0 | 173.5
               +-------+-------+-------+-------+-------+----------------------

Table legend: (Time is in decaauts)
 A = Elapsed time spent in this place.
 B = Non-inter-level travel time spent in this place.
 C = Inter-level travel time spent in this place.
 D = Time resting spent in this place.
 E = Time spent auto-exploring this place.
 F = Levels seen in this place.
 G = Mean time per level.
                   A        B        C        D        E       F      G
               +--------+--------+--------+--------+--------+-----+--------+
         Total |   4031 |   3950 |     81 |    805 |   2732 |   4 | 1007.8 |
       Dungeon |   4031 |   3950 |     81 |    805 |   2732 |   4 | 1007.8 |
               +--------+--------+--------+--------+--------+-----+--------+

Top non-repeatable levels by time:
     D:4: 1230 daAuts
     D:2: 1066 daAuts
     D:3: 924 daAuts
     D:1: 810 daAuts
